 Dungeon Crawl Stone Soup version 0.25.1-8-g42b30a86e7 (webtiles) character file.

Game seed: 10392905376158031048

2060 Clowwww the Chopper (level 9, -8/68 HPs)
             Began as a Demonspawn Fighter on Dec 19, 2020.
             Was an Initiate of Trog.
             Mangled by a yak (12 damage)
             ... on level 6 of the Dungeon.
             The game lasted 00:12:47 (5483 turns).

Clowwww the Chopper (Demonspawn Fighter)            Turns: 5483, Time: 00:12:48

Health: -8/68      AC: 19    Str: 20    XL:     9   Next: 5%
Magic:  9/9        EV:  6    Int:  9    God:    Trog [......]
Gold:   275        SH: 12    Dex: 13    Spells: 8/8 levels left

rFire    . . .     SeeInvis .   a - +1 war axe
rCold    . . .     Gourm    .   i - +2 kite shield
rNeg     . . .     Faith    .   n - +2 chain mail {MR+}
rPois    +         Spirit   .   g - +2 hat
rElec    .         Reflect  .   (no cloak)
rCorr    .         Harm     .   (no gloves)
MR       +....                  (no boots)
Stlth    ..........             (no amulet)
HPRegen  0.21/turn              o - ring of poison resistance
MPRegen  0.11/turn              z - +4 ring of protection

@: mighty
A: claws 2, molten scales 1, demonic guardian 1
a: Renounce Religion


You were on level 6 of the Dungeon.
You worshipped Trog.
Trog was noncommittal.
You were not hungry.

You visited 2 branches of the dungeon, and saw 7 of its levels.

You collected 275 gold pieces.

Inventory:

Hand Weapons
 a - a +1 war axe (weapon)
 y - the +9 dire flail of Precise Incision {flame, rElec Int+4}
   (You took it off an ogre on level 3 of the Dungeon)

   It has been specially enchanted to burn those struck by it, causing extra
   injury to most foes and up to half again as much damage against particularly
   susceptible opponents.
   It affects your intelligence (+4).
   It insulates you from electricity.
Armour
 g - a +2 hat (worn)
 i - a +2 kite shield (worn)
 n - a +2 chain mail of magic resistance (worn)
Jewellery
 o - a ring of poison resistance (left claw)
 z - a +4 ring of protection (right claw)
 A - an uncursed ring of stealth
Wands
 d - a wand of polymorph (4)
 m - a wand of random effects (9)
 D - a wand of flame (11)
Scrolls
 e - a scroll of identify
 k - 6 scrolls of teleportation
 r - 2 scrolls of remove curse
Potions
 b - a potion of mutation {unknown}
 p - 3 potions of flight
 u - a potion of resistance
 x - a potion of heal wounds {unknown}
 B - a potion of ambrosia {unknown}
Comestibles
 c - 3 chunks of flesh
 f - 13 rations


   Skills:
 + Level 5.3 Fighting
 + Level 7.6 Axes
 + Level 4.5 Armour
 + Level 1.5 Dodging
 + Level 1.2 Stealth
 + Level 5.7 Shields
 + Level 0.7 Evocations


You had 8 spell levels left.
You didn't know any spells.
Your spell library contained the following spells:

 Spells                   Type           Power        Failure   Level  Hunger
 Beastly Appendage        Tmut           #.....       100%        1    ##.....
 Foxfire                  Conj/Fire      #...         100%        1    ##.....
 Magic Dart               Conj           #...         100%        1    ##.....
 Blink                    Tloc           N/A          100%        2    ###....
 Call Imp                 Summ           #.......     100%        2    ###....
 Slow                     Hex            #.......     100%        2    ###....
 Sticks to Snakes         Tmut           #.......     100%        2    ###....
 Conjure Flame            Conj/Fire      #.......     100%        3    ####...
 Inner Flame              Hex/Fire       #.......     100%        3    ####...
 Mephitic Cloud           Conj/Pois/Air  #.......     100%        3    ####...
 Spider Form              Tmut/Pois      #.........   100%        3    ####...
 Ice Form                 Ice/Tmut       #.......     100%        4    #####..
 Sticky Flame             Conj/Fire      #.......     100%        4    #####..
 Blade Hands              Tmut           #.........   100%        5    ######.
 Fireball                 Conj/Fire      #.........   100%        5    ######.


Dungeon Overview and Level Annotations

Branches:
Dungeon (6/15)             Temple (1/1) D:4

Altars:
Ashenzari
Cheibriados
Dithmenos
Elyvilon
Fedhas
Gozag
Kikubaaqudgha
Makhleb
Nemelex Xobeh
Okawaru
Qazlal
Ru
Sif Muna
Trog
Vehumet
Wu Jian
Xom
Yredelemnul
Zin
The Shining One


Innate Abilities, Weirdness & Mutations

You have very sharp fingernails.
You are partially covered in molten scales. (AC +2)
A weak demonic guardian rushes to your aid.


Message History

You closely miss the ogre.
The ogre is almost dead.
You block the ogre's attack.
Okay, then.
Okay, then.
Okay, then.
You feel very mighty all of a sudden. You block the ogre's attack.
You slash the ogre!
You kill the ogre!
Trog accepts your kill.
You slash the yak!
The yak is lightly wounded.
You block the yak's attack.
You slash the worker ant!
You kill the worker ant!
Trog accepts your kill.
Your shield and chain mail prevent you from hitting the yak.
The yak gores you!
You die...

#.##.# #..
#.#####.##.###########.#
#.........รท............
.#####.###.##########.#
#.# #.# #.# #.# #># #.#
#######.###.## #.#
#........[...# #..
#.####.@Y..).# ###
##Y###..# ....
#..Yh....... ....
#.#Z####.### .... .?.#..
.... ### #.# .... #.#
.... #.# .... ...


You could see 3 yaks, a black bear and a leopard gecko skeleton.

Vanquished Creatures
  A hippogriff (D:4)
  2 yaks (D:6)
  The ghost of stultus the Cudgeler, an amateur TrBe of Trog (D:3)
  2 ice beasts (D:6)
  4 ogres
  A centaur (D:6)
  3 killer bees (D:6)
  A howler monkey (D:5)
  A crimson imp (D:5)
  Crazy Yiuf (D:4)
  An orc priest (D:3)
  2 hounds
  An orc wizard (D:3)
  A bullfrog skeleton (D:5)
  Jessica (D:2)
  An iguana (D:4)
  4 worker ants
  Terence (D:2)
  Robin (D:2)
  7 adders
  A gnoll (D:5)
  6 worms
  4 dart slugs (D:3)
  6 leopard geckos
  20 orcs
  A ball python (D:3)
  3 bat zombies (D:2)
  7 giant cockroaches
  15 goblins
  13 hobgoblins
  11 jackals
  6 kobolds
  2 quokkas
  8 bats
  9 frilled lizards
  2 leopard gecko skeletons
  8 rats
  3 rat zombies (D:2)
162 creatures vanquished.

Vanquished Creatures (collateral kills)
  An ogre (D:6)
  A bullfrog (D:6)
  A killer bee (D:6)
  A shadow imp (D:6)
4 creatures vanquished.

Grand Total: 166 creatures vanquished

Notes
Turn   | Place    | Note
-------+----------+-------------------------------------------
     0 | D:1      | Clowwww the Demonspawn Fighter began the quest for the Orb.
     0 | D:1      | Reached XP level 1. HP: 18/18 MP: 1/1
   342 | D:1      | Gained mutation: You have sharp fingernails. [demonic
                  | ancestry]
   342 | D:1      | Reached XP level 2. HP: 24/24 MP: 2/2
   731 | D:1      | Reached skill level 2 in Axes
  1022 | D:2      | Noticed Robin
  1027 | D:2      | Gained mutation: You are partially covered in molten
                  | scales. (AC +2) [demonic ancestry]
  1027 | D:2      | Reached XP level 3. HP: 26/29 MP: 3/3
  1038 | D:2      | Killed Robin
  1137 | D:2      | Noticed Terence
  1149 | D:2      | Killed Terence
  1149 | D:2      | Reached skill level 1 in Stealth
  1149 | D:2      | Reached XP level 4. HP: 34/35 MP: 4/4
  1170 | D:2      | Found a shimmering altar of Xom.
  1230 | D:2      | Found an ancient bone altar of Kikubaaqudgha.
  1301 | D:2      | Noticed Jessica
  1319 | D:2      | Killed Jessica
  1319 | D:2      | Reached skill level 3 in Axes
  1405 | D:2      | Found a sparkling altar of Nemelex Xobeh.
  1440 | D:2      | Gained mutation: You have very sharp fingernails. [demonic
                  | ancestry]
  1440 | D:2      | Reached XP level 5. HP: 42/42 MP: 5/5
  1678 | D:2      | Found a stormy altar of Qazlal.
  2381 | D:3      | Found a faded altar of an unknown god.
  2400 | D:3      | Noticed stultus's ghost (amateur TrBe)
  2402 | D:3      | Found a transporter.
  2402 | D:3      | Found a transporter.
  2404 | D:3      | Identified the +9 dire flail of Precise Incision {flame,
                  | rElec Int+4}
  2404 | D:3      | Noticed an ogre
  2490 | D:3      | Reached XP level 6. HP: 38/48 MP: 6/6
  3049 | D:3      | Reached skill level 4 in Axes
  3212 | D:3      | Killed stultus's ghost
  3426 | D:4      | Found a staircase to the Ecumenical Temple.
  3443 | Temple   | Entered the Ecumenical Temple
  3555 | D:4      | Noticed a hippogriff
  3566 | D:4      | Killed a hippogriff
  3566 | D:4      | Reached skill level 5 in Axes
  3566 | D:4      | Reached XP level 7. HP: 48/54 MP: 7/7
  3634 | D:4      | Found a shattered altar of Ashenzari.
  4044 | D:4      | Found a runed translucent door.
  4045 | D:4      | Noticed Crazy Yiuf
  4056 | D:4      | Killed Crazy Yiuf
  4297 | D:4      | Found an opulent altar of Gozag.
  4526 | D:5      | Entered Level 5 of the Dungeon
  4727 | D:5      | Found a sacrificial altar of Ru.
  4752 | D:5      | Reached skill level 6 in Axes
  4983 | D:5      | Gained mutation: A weak demonic guardian rushes to your
                  | aid. [demonic ancestry]
  4983 | D:5      | Reached XP level 8. HP: 57/61 MP: 8/8
  4990 | D:5      | Found a bloodstained altar of Trog.
  4996 | D:5      | Became a worshipper of Trog the Wrathful
  5170 | D:6      | Reached skill level 1 in Dodging
  5375 | D:6      | Reached skill level 5 in Fighting
  5388 | D:6      | Reached skill level 7 in Axes
  5388 | D:6      | Reached skill level 5 in Shields
  5475 | D:6      | HP: 2/62 [ogre/cursed -1 giant spiked club (9)]
  5475 | D:6      | Reached XP level 9. HP: 2/68 MP: 9/9
  5483 | D:6      | Mangled by a yak

Illustrated notes

Levels and vault maps discovered:
D:1:      matt_arrival_diagonals, layout_loops_ring, minivault_26
D:2:      layout_basic, lemuel_zombie_altar_kikubaaqudgha,
          overflow_temple_1_default, lemuel_doored_altar, nemelex_altar_shiori,
          uniq_robin, uniq_terence, uniq_jessica
D:3:      layout_loops_corners, gammafunk_ghost_smash,
          chequers_ecumenical_altar_simple_redux, minmay_misc_feat_doors
D:4:      layout_cave_pools, ashenzari_altar_1, grunt_gozag_statues,
          minmay_temple_entry_wispy, first_ration, hangedman_decor_points,
          uniq_crazy_yiuf_cottage
D:5:      layout_cave_pools, hangedman_ru_absence, marbit_many_paths
D:6:      layout_loops_ring, basic_altar, tgw_sif
Temple:   nicolae_temple_figure_eight

Skill      XL: |  1  2  3  4  5  6  7  8 |
---------------+-------------------------+-----
Shields        | 3 4 5 |  5.7
Axes           | 2 3 5 6 7 |  7.6
Stealth        | 1 |  1.2
Armour         | 3 4 |  4.5
Fighting       | 4 5 |  5.3
Dodging        | 1 |  1.5
Evocations     | |  0.7

Action                   |  1- 3 |  4- 6 |  7- 9 || total
-------------------------+-------+-------+-------++-------
Melee: War axe           |    97 |   273 |   196 ||   566
       Unarmed           |     1 |       |       ||     1
Evoke: Wand              |       |     5 |       ||     5
  Use: Potion            |     1 |     1 |     1 ||     3
       Scroll            |       |       |    14 ||    14
  Eat: Chunk             |     1 |     8 |     7 ||    16
Armor: Scale mail        |    48 |       |       ||    48
       Chain mail        |       |   230 |   161 ||   391
Dodge: Dodged            |    28 |    68 |    57 ||   153
Block: Kite shield       |    57 |   227 |   170 ||   454
